 Dungeon Crawl Stone Soup version 0.31-a0-1-g4198be8af4 (webtiles) character file.

Game seed: 9807204743352750380

784 meatpath the Trooper (level 8, -6/59 HPs)
             Began as a Djinni Gladiator on Apr 30, 2023.
             Was a Follower of Makhleb.
             Mangled by an ogre
             ... wielding a +0 giant club
              (25 damage)
             ... on level 5 of the Dungeon.
             The game lasted 00:17:42 (3229 turns).

meatpath the Trooper (Djinni Gladiator)             Turns: 3229, Time: 00:17:42

Health: -6/59      AC:  6    Str: 13    XL:     8   Next: 11%
Gold:   57         EV: 12    Int: 12    God:    Makhleb [*.....] SH:  0 Dex: 15

rFire   + + +        a - +0 long sword
rCold   . . .        (no shield)
rNeg    . . .        w - +2 leather armour {rF+}
rPois   ∞            c - +0 helmet
rElec   .            (no cloak)
rCorr   .            (no gloves)
SInv    +            (boots unavailable)
Will    .....        p - amulet of regeneration
Stlth   +            s - ring of see invisible
HPRegen 1.09/turn    x - ring of protection from cold
MPRegen 0.00/turn

%: infuse magic (-7 HP)
@: wereblooded, flying
A: sickness immunity, fire resistance 2, cold vulnerability 1, float, innate
caster, HP casting, extra vitality 1
a: Renounce Religion


You were on level 5 of the Dungeon.
You worshipped Makhleb.
Makhleb was aware of your devotion.
You visited 2 branches of the dungeon, and saw 6 of its levels.

You collected 247 gold pieces.
You spent 190 gold pieces at shops.

Inventory:

Hand Weapons
 a - a +0 long sword (weapon)
Missiles
 d - 4 throwing nets (quivered)
 e - a javelin
Armour
 b - a +0 leather armour
 c - a +0 helmet (worn)
 r - a +0 scale mail
 w - a +2 leather armour of fire resistance (worn)
Jewellery
 p - an amulet of regeneration (around neck)
 s - a ring of see invisible (left hand)
 x - a ring of protection from cold (right hand)
Wands
 v - a wand of quicksilver (11)
Scrolls
 i - 2 scrolls of amnesia {unknown}
 j - 2 scrolls of butterflies
 k - 2 scrolls of teleportation
 m - 2 scrolls of noise {unknown}
 t - a scroll of magic mapping {unknown}
 u - 5 scrolls of identify
 y - a scroll of fog {unknown}
Potions
 f - a potion of resistance {unknown}
 g - 4 potions of attraction {unknown}
 h - 5 potions of curing {unknown}
 l - a potion of might {unknown}
 n - 2 potions of ambrosia {unknown}
 o - a potion of haste {unknown}
 q - a potion of heal wounds {unknown}
 z - a potion of cancellation {unknown}
 A - a potion of degeneration {unknown}


   Skills:
 + Level 5.2 Fighting
 + Level 5.1 Long Blades
 - Level 1.5 Throwing
 - Level 3.2 Dodging
 + Level 3.4 Spellcasting


You knew the following spells:

 Your Spells              Type           Power      Damage    Failure   Level
a - Apportation           Tloc           20%        N/A       7%          1
b - Wereblood             Tmut           10%        N/A       11%         2
c - Poisonous Vapours     Pois/Air       20%        N/A       11%         2
Your spell library was empty.

Dungeon Overview and Level Annotations

Branches:
Dungeon (5/15)             Temple (1/1) D:4

Altars:
Elyvilon
Makhleb
Ru

Shops:
D:3 =[:   D:4 *


Innate Abilities, Weirdness & Mutations

You are immune to sickness and miasma.
You are immune to poison.
Your flesh is very heat resistant. (rF++)
You are vulnerable to cold. (rC-)
You float through the air rather than walking.
You learn spells naturally, not from books.
Your magical power is your life essence.
You have superior vitality. (+4 MHP)


Message History

There is a stone staircase leading up, spattered with blood here.
Things that are here:
a +0 dagger; a +0 robe; an orc corpse You now have 57 gold pieces (gained 10).
y - a scroll labelled PAILYCHEPRI
u - 5 scrolls of identify (gained 1)
Things that are here:
a +0 dagger; a +0 robe; an orc corpse
Casting: Wereblood (safe; 11% risk of failure)
Confirm with . or Enter, or press ? or * to list all spells.
You don't know that spell.
Casting: Wereblood (safe; 11% risk of failure)
Confirm with . or Enter, or press ? or * to list all spells.
Aiming: Poisonous Vapours (safe; 11% risk of failure)
Press: ? - help, Dir - move target, f - ogre
Aim: an ogre, wielding a +0 giant club (wandering, hasn't noticed you) Poisonous vapours surround the ogre!
The ogre is poisoned.
The ogre shouts!
Casting: Poisonous Vapours (safe; 11% risk of failure)
Confirm with . or Enter, or press ? or * to list all spells.
Your blood is infused with primal strength.
The ogre closely misses you.
You slash the ogre!
The ogre is moderately wounded.
The ogre hits you with a +0 giant club!!
You closely miss the ogre.
The ogre is moderately wounded.
The ogre hits you but does no damage.
You hit the ogre but do no damage.
The ogre is heavily wounded.
You slash the ogre!
The ogre is severely wounded.
The ogre hits you with a +0 giant club!!
* * * LOW HITPOINT WARNING * * *
The ogre looks more healthy.
Things that are here:
a +0 dagger; a +0 robe; an orc corpse The ogre attacks as you move away!
The ogre hits you with a +0 giant club!!
You die...

............# ##### ###
#.....##.#.###
####...)....#####
#####..#......
##############....#####
##.....#.....##....#
.............)#....#
...............)÷..#
...........O@..############
..................)........
..........<....############
...............#
#.............##
##.....#.(...##
#############


You could see an ogre.

Vanquished Creatures
  An ogre (D:4)
  A centaur (D:5)
  2 scorpions
  A howler monkey (D:5)
  2 orc priests
  A hound (D:5)
  A sleepcap (D:5)
  An iguana (D:5)
  2 orc wizards (D:5)
  11 gnolls
  7 adders
  3 worms
  12 orcs
  10 ball pythons
  2 endoplasms
  8 giant cockroaches
  8 goblins
  2 hobgoblins
  8 quokkas
  7 bats
  2 frilled lizards (D:1)
  3 kobolds
  3 rats
98 creatures vanquished.

Notes
Turn   | Place    | Note
-------+----------+-------------------------------------------
     0 | D:1      | meatpath the Djinni Gladiator began the quest for the Orb.
     0 | D:1      | Reached XP level 1. HP: 18/18 MP: 0/0
   167 | D:1      | Reached XP level 2. HP: 23/23 MP: 0/0
   183 | D:1      | Found a faded altar of an unknown god.
   459 | D:1      | Reached XP level 3. HP: 29/29 MP: 0/0
   459 | D:1      | Learned a level 1 spell: Apportation
   813 | D:2      | Reached skill level 1 in Spellcasting
  1075 | D:2      | You are sucked into a shaft and drop 2 floors!
  1187 | D:2      | Reached XP level 4. HP: 29/34 MP: 0/0
  1566 | D:3      | Found Plog's Book Boutique.
  1610 | D:3      | Found Onujygh's Armour Boutique.
  1648 | D:3      | Reached XP level 5. HP: 32/40 MP: 0/0
  1648 | D:3      | Learned a level 2 spell: Wereblood
  1701 | D:3      | Found a white marble altar of Elyvilon.
  1891 | D:3      | Found Catrod's Jewellery Emporium.
  2188 | D:4      | Reached XP level 6. HP: 36/47 MP: 0/0
  2262 | D:4      | Noticed an ogre
  2305 | D:4      | Found a staircase to the Ecumenical Temple.
  2311 | Temple   | Entered the Ecumenical Temple
  2394 | Temple   | Became a worshipper of Makhleb the Destroyer
  2537 | D:4      | Killed an ogre
  2538 | D:4      | Reached XP level 7. HP: 18/53 MP: 0/0
  2538 | D:4      | Learned a level 2 spell: Poisonous Vapours
  2676 | D:4      | Found Nourrool's Fire Supplies.
  2687 | D:4      | Bought a +2 leather armour of fire resistance for 190 gold
                  | pieces
  2844 | D:5      | Entered Level 5 of the Dungeon
  3049 | D:5      | Reached skill level 5 in Fighting
  3063 | D:5      | Reached skill level 5 in Long Blades
  3112 | D:5      | Reached XP level 8. HP: 34/59 MP: 0/0
  3126 | D:5      | Reached * piety under Makhleb
  3229 | D:5      | Mangled by an ogre

Illustrated notes

Levels and vault maps discovered:
D:1:      denvon_arrival_waterhouse, layout_loops_ring,
          ebering_ecumenical_altar_mist
D:2:      layout_rooms, roderic_roman_lattice
D:3:      layout_rooms, general_overflow_altar, serial_shops, shop_fountains,
          nicolae_shop_advertising_works [nicolae_subvault_shop_adworks], shop
D:4:      layout_rooms, minmay_temple_entry_hall, nicolae_shop_fire_sale
          [nicolae_sub_dead_trees]
D:5:      layout_rooms, worldfamousw_hep_ancestral_shrine, uniq_blork_the_orc,
          uniq_grinder
Temple:   hellmonk_temple_beads

Skill      XL: |  1  2  3  4  5  6  7 |
---------------+----------------------+-----
Long Blades    | 3 4 5 |  5.1
Spellcasting   | 1 2 3 |  3.4
Fighting       | 3 4 5 |  5.2
Throwing       | |  1.5
Dodging        | |  3.2

Action                     |  1- 3 |  4- 6 |  7- 9 || total
---------------------------+-------+-------+-------++-------
  Melee: Long sword        |    85 |   192 |   122 ||   399
         Punch             |       |     5 |     1 ||     6
   Cast: Wereblood         |       |       |     4 ||     4
         Poisonous Vapours |       |       |     2 ||     2
    Use: Scroll            |     2 |     1 |       ||     3
   Stab: Sleeping          |     2 |       |     1 ||     3
 Armour: Leather armour    |    43 |       |    91 ||   134
         Scale mail        |       |    98 |       ||    98
  Dodge: Dodged            |    66 |   149 |   158 ||   373

Table legend: (Time is in decaauts)
 A = Elapsed time spent in this place.
 B = Non-inter-level travel time spent in this place.
 C = Inter-level travel time spent in this place.
 D = Time resting spent in this place.
 E = Time spent auto-exploring this place.
 F = Levels seen in this place.
 G = Mean time per level.
                   A        B        C        D        E       F      G
               +--------+--------+--------+--------+--------+-----+--------+
         Total |   3314 |   3182 |    132 |    310 |   1431 |   6 |  552.3 |
       Dungeon |   3213 |   3081 |    132 |    297 |   1402 |   5 |  642.6 |
        Temple |    101 |    101 |      0 |     13 |     29 |   1 |  101.0 |
               +--------+--------+--------+--------+--------+-----+--------+

Top non-repeatable levels by time:
     D:1: 768 daAuts
     D:3: 729 daAuts
     D:4: 723 daAuts
     D:2: 615 daAuts
     D:5: 375 daAuts
  Temple: 101 daAuts
